 Dungeon Crawl Stone Soup version 0.29-a0-923-g6e406bff71 (webtiles) character file.

Game seed: 10624044160106257825

32958 Ajdolov the Spry (level 13, -4/46 (64) HPs)
             Began as a Felid Ice Elementalist on July 27, 2022.
             Was the Champion of Ru.
             Killed by divine providence
             ... invoked by a meliai
              (13 damage)
             ... on level 14 of the Dungeon.
             The game lasted 01:06:59 (37213 turns).

Ajdolov the Spry (Felid Ice Elementalist)          Turns: 37213, Time: 01:07:00

HP:   -4/46 (64)    AC: 11    Str:  4    XL:     13   Next: 34%
MP:   7/21          EV: 30    Int: 21    God:    Ru [******]
Gold: 1234          SH:  0    Dex: 17    Spells: 8/22 levels left
                                        Lives: 0   Deaths: 4

rFire   . . .      SeeInvis +     - Unarmed
rCold   . . .      Faith    .   (shield unavailable)
rNeg    + . .      Spirit   .   (body armour unavailable)
rPois   .          Reflect  .   (helmet unavailable)
rElec   .          Harm     .   (cloak unavailable)
rCorr   +          Rampage  .   (gloves unavailable)
Will    ++++.      Clarity  +   (boots unavailable)
Stlth   +++++++...              K - amulet of the Four Winds {rN+ Will+++ Clar}
HPRegen 0.15/turn               (ring unavailable)
MPRegen 0.17/turn               g - ring "Ymoom" {Wiz rC- rCorr Slay+2 Stlth+}

@: exhausted, ice-armoured, freezing walls, very heavily drained, quick
A: very small, claws 1, fangs 3, see invisible, speed 1, shaggy fur 3, missing a
hand, inability to use devices, stealthy paws, missing an eye, no weapons or
thrown items, no armour, multi-lived
a: Renounce Religion, Draw Out Power, Power Leap, Apocalypse


You were on level 14 of the Dungeon.
You worshipped Ru.
Ru was exalted by your worship.
You visited 3 branches of the dungeon, and saw 21 of its levels.
You visited 1 bazaar.

You collected 3133 gold pieces.
You spent 1899 gold pieces at shops.

Inventory:

Jewellery
 e - a ring of flight
 g - the ring "Ymoom" (right paw) {Wiz rC- rCorr Slay+2 Stlth+}
   (You took it off a kobold on level 7 of the Dungeon)

   [ring of wizardry]

   It improves your spell success rate.
   Slay:      It affects your accuracy & damage with ranged weapons and melee
   (+2).
   rC:        It makes you vulnerable to cold.
   rCorr:     It protects you from acid and corrosion.
   Stlth:     It makes you more stealthy.
 p - a +4 ring of protection
 v - a ring of positive energy
 w - a ring of fire
 I - a ring of resist corrosion
 J - the ring "Syfuyc" {*Slow rElec rPois rCorr Str+4}
   (You bought it in a shop in a bazaar)

   [ring of poison resistance]

   Str:       It affects your strength (+4).
   rElec:     It insulates you from electricity.
   rPois:     It protects you from poison.
   rCorr:     It protects you from acid and corrosion.
   *Slow:     It may slow you when you take damage.
 K - the amulet of the Four Winds (around neck) {rN+ Will+++ Clar}
   (You bought it in a shop in a bazaar)

   [amulet of nothing]

   rN:        It protects you from negative energy.
   Clar:      It protects you against confusion.
   Will:      It greatly increases your willpower.
Scrolls
 b - 4 scrolls of poison
 c - 6 scrolls of blinking
 d - 4 scrolls of noise
 h - 3 scrolls of amnesia
 n - 4 scrolls of immolation
 o - a scroll of butterflies
 r - 6 scrolls of vulnerability
 s - 9 scrolls of magic mapping
 t - 7 scrolls of fear
 u - 11 scrolls of teleportation
 y - 3 scrolls of torment
 H - 7 scrolls of identify
Potions
 a - 2 potions of magic
 f - 3 potions of attraction
 i - 2 potions of berserk rage
 j - 14 potions of curing
 k - 6 potions of heal wounds
 l - 3 potions of might
 m - 2 potions of cancellation
 q - 5 potions of degeneration
 z - a potion of invisibility
 A - a potion of haste
 B - 3 potions of lignification
 C - a potion of ambrosia
 D - 3 potions of mutation
 E - 2 potions of brilliance
 F - 2 potions of flight


   Skills:
 - Level 11.8 Fighting
 - Level 18.0 Dodging
 - Level 15.0 Stealth
 - Level 10.0 Unarmed Combat
 - Level 5.0 Spellcasting
 * Level 12.0 Transmutations
 - Level 10.0 Ice Magic


You had 8 spell levels left.
You knew the following spells:

 Your Spells              Type           Power      Damage    Failure   Level
a - Freeze                Ice            100%       1d11      1%          1
b - Frozen Ramparts       Ice            94%        1d11      1%          3
c - Ozocubu's Armour      Ice            47%        N/A       1%          3
d - Dragon Form           Tmut           27%        N/A       26%         7

Your spell library contained the following spells:

 Spells                   Type           Power      Damage    Failure   Level
 Apportation              Tloc           10%        N/A       4%          1
 Magic Dart               Conj           20%        1d4       4%          1
 Searing Ray              Conj           10%        2d4       6%          2
 Hailstorm                Conj/Ice       26%        3d7       6%          4
 Alistair's Intoxication  Tmut/Pois      20%        N/A       11%         5
 Inner Flame              Hex/Fire       5%         N/A       13%         3
 Cause Fear               Hex            2%         N/A       38%         4
 Fulminant Prism          Conj/Hex       2%         3d6       38%         4
 Passage of Golubria      Tloc           5%         N/A       38%         4
 Eringya's Noxious Bog    Tmut/Pois      15%        N/A       45%         6
 Silence                  Hex/Air        2%         N/A       71%         5
 Summon Forest            Summ/Tloc      2%         N/A       71%         5
 Summon Mana Viper        Hex/Summ       5%         N/A       71%         5
 Summon Cactus Giant      Summ           2%         N/A       99%         6
 Summon Hydra             Summ           2%         N/A       100%        7
 Discord                  Hex            2%         N/A       100%        8
 Lehudib's Crystal Spear  Conj/Erth      2%         10d2      100%        8
 Dragon's Call            Summ           2%         N/A       100%        9


Dungeon Overview and Level Annotations

Branches:
Dungeon (14/15)            Temple (0/1) D:6            Lair (5/5) D:11
 Shoals (0/4) Lair:3       Spider (0/4) Lair:2        Slime (0/5) Lair:5
    Orc (2/2) D:9             Elf (0/3) Orc:2
 Vaults: D:13-14

Altars:
Ashenzari
Cheibriados
Elyvilon
Kikubaaqudgha
Makhleb
Okawaru
Ru
Sif Muna
Trog
Uskayaw
Wu Jian
Yredelemnul

Shops:
D:5 ?   Orc:2 [(((

Annotations:
D:6 exclusion: ice beast
D:7 1 runed translucent door, Crazy Yiuf
D:10 1 runed translucent door, hackon's ghost, novice OgFE
D:12 exclusion: ice statue
Lair:5 1 runed translucent door


Innate Abilities, Weirdness & Mutations

You have sharp claws.
You have razor-sharp teeth.
You have supernaturally acute eyesight. (SInv)
You cover ground quickly. (Speed+)
Your thick and shaggy fur keeps you warm. (AC +3, rC+)
You are missing a hand.
You cannot study or use magical devices.
Your paws help you pounce on unaware monsters.
You are missing an eye, making it more difficult to aim.
You are incapable of wielding weapons or throwing items.
You cannot wear armour.
You gain extra lives every three experience levels.


Message History

You feel drained.
You hear an angry buzzing noise.
You hear a shout!
You hear an angry buzzing noise. x2; You hear a shout!
Your Transmutations skill increases to level 12!
You start resting.
A deep elf pyromancer and 2 meliai come into view.
A cyclops and a meliai come into view.
Casting: Ozocubu's Armour (safe; 1% risk of failure)
Confirm with . or Enter, or press ? or * to list all spells.
Casting: Frozen Ramparts (safe; 1% risk of failure)
Press: ? - help, Dir - look around, f - activate The walls around you are covered in ice.
The wall freezes the meliai.
The wall freezes the deep elf pyromancer!
The deep elf pyromancer casts a spell.
The wall freezes the meliai.
Casting: Frozen Ramparts (safe; 1% risk of failure)
Confirm with . or Enter, or press ? or * to list all spells.
A film of ice covers your body!
The wall freezes the meliai.
The meliai misses you. The meliai completely misses you.
The wall freezes the meliai.
You redirect the meliai's attack!
The wall freezes the deep elf pyromancer!
The deep elf pyromancer gestures wildly while chanting.
The deep elf pyromancer blinks!
The wall freezes the meliai.
The meliai misses you. The meliai completely misses you.
The wall freezes the meliai. x2
You redirect the meliai's attack!
You closely miss the meliai. Your bite misses the meliai.
The meliai is severely wounded.
The wall freezes the meliai. x2
The meliai invokes the aid of its god against you.
Something smites you!
* * * LOW HITPOINT WARNING * * *
The wall freezes the meliai. x2
The meliai begins to pray, but is stunned by your conviction!
The wall freezes the meliai. x2
The meliai invokes the aid of its god against you.
Something smites you!
You die...

#.# #.# #.# # #.# # .
######.######## ...
#..........##.'
....E#####.............#
e..Eyyy@.#....?.....####
..○..###....)..)....# #
... ###..........# # .
#..........# #
############


You could see a deep elf pyromancer, 2 fire elementals and 3 meliai.

Vanquished Creatures
  Jorgrun (Orc:2)
  Donald (Orc:2)
  A stone giant (Orc:1)
  Nessos (Orc:2)
  An ettin (Orc:1)
  Fannar (D:11)
  Erolcha (D:12)
  2 hydras (Lair:1)
  Harold (Orc:1)
  2 boulder beetles
  An alligator (Lair:5)
  3 centaur warriors
  7 two-headed ogres
  6 orc high priests (Orc:2)
  3 tengu warriors (D:13)
  4 skeletal warriors (D:12)
  Lodul (D:10)
  2 lindwurms (Lair:5)
  A deep elf pyromancer (D:14)
  7 orc knights (Orc:2)
  17 cyclopes
  An orc sorcerer (Orc:2)
  3 elephants (Lair:4)
  5 black mambas
  A black mamba (shapeshifter) (D:13)
  14 cane toads
  A gargoyle (D:10)
  4 torpor snails (Lair:5)
  An unseen horror (D:11)
  3 rime drakes
  A demonic crawler (Lair:2)
  8 komodo dragons
  A tengu conjurer (D:13)
  5 trolls
  12 polar bears
  2 tyrant leeches (Lair:5)
  15 blink frogs
  10 hornets
  4 dream sheep (Lair:3)
  5 slime creatures (D:13)
  5 raiju (Lair:5)
  A shadow (D:11)
  A water elemental (D:11)
  Eustachio (D:4)
  A vampire (D:12)
  A wraith (D:12)
  5 wyverns
  30 yaks
  4 humans (D:7)
  2 basilisks
  10 wargs
  5 vampire mosquitoes
  Edmund (D:5)
  2 acid dragons
  17 water moccasins
  11 hell hounds (Lair:5)
  35 orc warriors
  An ice beast (D:6)
  A sky beast (D:6)
  12 black bears
  15 ogres
  30 wolves
  4 centaurs
  3 kobold brigands
  A gnoll sergeant (D:9)
  7 bullfrogs
  6 scorpions
  8 killer bees
  5 electric eels
  5 howler monkeys
  A jelly (D:5)
  7 hounds
  3 gnoll boudas
  42 orc priests
  5 iguanas
  Ijyb (D:2)
  Natasha (thrice) (D:2)
  28 orc wizards
  29 gnolls
  6 adders
  2 white imps (D:6)
  An ufetubus (D:6)
  4 worms
  6 dart slugs
  91 orcs
  14 ball pythons
  8 bats
  6 endoplasms
  4 giant cockroaches
  10 goblins
  7 hobgoblins
  8 jackals
  4 quokkas
  5 frilled lizards
  14 kobolds
  9 rats
  A bush (Lair:3)
  2 butterflies (Lair:1)
711 creatures vanquished.

Vanquished Creatures (others)
  A hydra (Lair:5)
  A lindwurm (Lair:5)
  An orc sorcerer (Orc:1)
  A cane toad (Lair:4)
  A tyrant leech (Lair:5)
  A raiju (Lair:5)
  3 yaks
  A wolf (Lair:3)
  A centaur (D:8)
  A gnoll (D:7)
  An orc (Orc:2)
  30 fungi
  110 plants
153 creatures vanquished.

Grand Total: 864 creatures vanquished

Notes
Turn   | Place    | Note
-------+----------+-------------------------------------------
     0 | D:1      | Ajdolov the Felid Ice Elementalist began the quest for the
                  | Orb.
     0 | D:1      | Reached XP level 1. HP: 7/7 MP: 4/4
   284 | D:1      | Found a faded altar of an unknown god.
   423 | D:1      | Reached XP level 2. HP: 9/11 MP: 1/6
  1434 | D:2      | Found a sacrificial altar of Ru.
  1445 | D:2      | Reached XP level 3. HP: 14/14 MP: 3/7
  1449 | D:2      | Became a worshipper of Ru the Awakened
  1586 | D:2      | Learned a level 3 spell: Frozen Ramparts
  1898 | D:2      | Reached skill level 5 in Ice Magic
  2234 | D:2      | Noticed Natasha
  2244 | D:2      | Killed Natasha
  2245 | D:2      | Reached XP level 4. HP: 16/18 MP: 4/8
  2306 | D:2      | Noticed Natasha
  2313 | D:2      | Killed Natasha
  2745 | D:2      | Noticed Ijyb
  2764 | D:2      | Killed Ijyb
  2765 | D:2      | Reached XP level 5. HP: 19/21 MP: 5/9
  2769 | D:2      | Learned a level 3 spell: Ozocubu's Armour
  2955 | D:2      | Noticed Natasha
  2959 | D:2      | Killed Natasha
  3455 | D:3      | Gained mutation: You are missing an eye, making it more
                  | difficult to aim. [Ru sacrifice]
  3455 | D:3      | Reached * piety under Ru
  3842 | D:3      | Identified the +1 robe "Puumua" {rF- Str+4 Dex+4}
  4435 | D:4      | Gained mutation: You are covered in thick fur. (AC +2)
                  | [Felid growth]
  4435 | D:4      | Reached XP level 6. HP: 24/24 MP: 6/10
  4996 | D:4      | Found a sacrificial altar of Ru.
  4996 | D:4      | Found an iron altar of Okawaru.
  4996 | D:4      | Found a snail-covered altar of Cheibriados.
  5004 | D:4      | Found a basalt altar of Yredelemnul.
  5026 | D:4      | Found a white marble altar of Elyvilon.
  5029 | D:4      | Found a broken altar of Ashenzari.
  5036 | D:4      | Found a burning altar of Makhleb.
  5471 | D:4      | Noticed Eustachio
  5485 | D:4      | Killed Eustachio
  5486 | D:4      | Reached XP level 7. HP: 26/27 MP: 4/11
  6582 | D:5      | Entered Level 5 of the Dungeon
  6890 | D:5      | Reached XP level 8. HP: 24/31 MP: 4/12
  7218 | D:5      | Found Ifergh's Magic Scroll Shoppe.
  7227 | D:5      | Bought a scroll of identify for 24 gold pieces
  7227 | D:5      | Bought a scroll of identify for 24 gold pieces
  7227 | D:5      | Bought a scroll of teleportation for 36 gold pieces
  7227 | D:5      | Bought a scroll of teleportation for 36 gold pieces
  7227 | D:5      | Bought a scroll of fear for 48 gold pieces
  7364 | D:4      | Found a hide-covered altar of Uskayaw.
  7364 | D:4      | Found an ornate altar of the Wu Jian Council.
  7609 | D:5      | Noticed Edmund
  7620 | D:5      | Killed Edmund
  7803 | D:6      | Reached skill level 10 in Ice Magic
  8170 | D:6      | Found an ancient bone altar of Kikubaaqudgha.
  8236 | D:6      | Found a staircase to the Ecumenical Temple.
  8252 | D:6      | Gained mutation: You are missing a hand. [Ru sacrifice]
  8252 | D:6      | Reached ** piety under Ru
  8252 | D:6      | Reached *** piety under Ru
  8252 | D:6      | Reached **** piety under Ru
  8523 | D:6      | Reached skill level 5 in Spellcasting
  8530 | D:6      | Reached skill level 3 in Dodging
  8821 | D:7      | Identified the ring "Ymoom" {Wiz rC- rCorr Slay+2 Stlth+}
  8827 | D:7      | Noticed a hornet
  8963 | D:7      | Killed a hornet
  8964 | D:7      | Reached skill level 4 in Dodging
  8964 | D:7      | Reached XP level 9. HP: 34/34 MP: 10/17
  9020 | D:7      | Reached skill level 5 in Stealth
  9023 | D:7      | Reached skill level 5 in Dodging
  9143 | D:7      | Found a runed translucent door.
  9144 | D:7      | Noticed Crazy Yiuf
  9270 | D:7      | HP: 1/34 [gnoll bouda/iceblast (9)]
  9271 | D:7      | Killed from afar by a gnoll bouda
  9272 | D:7      | Reached XP level 8. HP: -11/31 MP: 16/16
  9466 | D:7      | Reached skill level 6 in Dodging
  9695 | D:7      | Reached skill level 7 in Dodging
  9972 | D:8      | Reached XP level 9. HP: 27/34 MP: 13/17
 10538 | D:8      | Reached skill level 8 in Dodging
 10579 | D:8      | Noticed a centaur warrior
 11005 | D:8      | Found a bloodstained altar of Trog.
 11099 | D:8      | Killed a centaur warrior
 11100 | D:8      | Reached skill level 9 in Dodging
 11475 | D:8      | Reached skill level 10 in Stealth
 11481 | D:8      | Gained mutation: You cannot study or use magical devices.
                  | [Ru sacrifice]
 11481 | D:8      | Reached ***** piety under Ru
 11481 | D:8      | Reached ****** piety under Ru
 11569 | D:9      | Noticed a troll
 11575 | D:9      | Killed a troll
 11576 | D:9      | Reached skill level 1 in Fighting
 12026 | D:9      | Reached skill level 10 in Dodging
 12254 | D:9      | HP: 1/37 [acid dragon/splash of acid (36)]
 12256 | D:9      | Reached XP level 10. HP: 2/36 MP: 6/18
 12645 | D:9      | Identified the +0 leather armour of Resonance {rC++}
 12845 | D:9      | Found a staircase to the Orcish Mines.
 13339 | D:10     | Entered Level 10 of the Dungeon
 13426 | D:10     | Paralysed by a hornet for 1 turns
 13428 | D:10     | Reached skill level 5 in Fighting
 13873 | D:10     | Noticed Lodul
 13884 | D:10     | Killed Lodul
 13888 | D:10     | Noticed a gargoyle
 13934 | D:10     | Killed a gargoyle
 14042 | D:10     | Found a shimmering blue altar of Sif Muna.
 14129 | D:10     | Found a runed translucent door.
 14129 | D:10     | Noticed a two-headed ogre
 14131 | D:10     | Noticed hackon's ghost (novice OgFE)
 14132 | D:10     | Identified the +7 spear of the Dark Horse {vorpal, Str+3
                  | Stlth+}
 14134 | D:10     | Noticed a spriggan rider
 14141 | D:10     | Killed a two-headed ogre
 14326 | D:10     | Noticed a two-headed ogre
 14336 | D:10     | Killed a two-headed ogre
 14337 | D:10     | Reached XP level 11. HP: 4/52 MP: 5/19
 15206 | D:11     | Found a staircase to the Lair.
 15632 | D:11     | Reached skill level 10 in Fighting
 15736 | D:11     | Noticed a two-headed ogre
 15855 | D:11     | Killed a two-headed ogre
 16090 | D:11     | Noticed a two-headed ogre
 16099 | D:11     | Killed a two-headed ogre
 16164 | D:11     | Noticed Fannar
 16395 | D:11     | Killed Fannar
 17061 | Lair:1   | Entered Level 1 of the Lair of Beasts
 17473 | Lair:1   | Noticed a seven-headed hydra
 17498 | Lair:1   | Mangled by a seven-headed hydra
 17499 | Lair:1   | Reached XP level 10. HP: -6/50 MP: 12/18
 17499 | Lair:1   | Noticed a cane toad
 17512 | Lair:1   | Killed a cane toad
 17726 | Lair:1   | Killed a seven-headed hydra
 17727 | Lair:1   | Reached skill level 15 in Stealth
 18088 | Lair:1   | Noticed a cane toad
 18098 | Lair:1   | Killed a cane toad
 18099 | Lair:1   | Reached XP level 11. HP: 35/54 MP: 13/19
 18474 | Lair:1   | Reached skill level 1 in Unarmed Combat
 18524 | Lair:1   | Noticed a five-headed hydra
 18530 | Lair:1   | Killed a five-headed hydra
 19155 | Lair:2   | Identified the +5 war axe of Urit {freeze, rN+ Stlth+}
 19186 | Lair:2   | Reached skill level 11 in Dodging
 19631 | Lair:2   | Found a hole to the Spider Nest.
 19690 | Lair:2   | Reached skill level 5 in Unarmed Combat
 20572 | Lair:3   | Found a staircase to the Shoals.
 20911 | Lair:3   | Reached skill level 12 in Dodging
 21120 | Lair:3   | Gained mutation: Your thick and shaggy fur keeps you warm.
                  | (AC +3, rC+) [Felid growth]
 21120 | Lair:3   | Reached XP level 12. HP: 30/49 MP: 9/20
 22410 | Lair:4   | Reached skill level 13 in Dodging
 23201 | Lair:5   | Entered Level 5 of the Lair of Beasts
 23201 | Lair:5   | Noticed a boulder beetle
 23202 | Lair:5   | Killed a boulder beetle
 23203 | Lair:5   | Reached skill level 10 in Unarmed Combat
 23375 | Lair:5   | Reached skill level 14 in Dodging
 23684 | Lair:5   | Found a staircase to the Slime Pits.
 23756 | Lair:5   | Reached XP level 13. HP: 33/61 MP: 19/21
 24054 | Lair:5   | Reached skill level 15 in Dodging
 24613 | Lair:5   | Found a runed translucent door.
 24747 | Lair:5   | Reached skill level 16 in Dodging
 25781 | Lair:5   | Reached skill level 17 in Dodging
 25897 | Lair:5   | Identified the +1 long sword "Piefros" {antimagic, Dex+4}
 27238 | Orc:1    | Entered Level 1 of the Orcish Mines
 27259 | Orc:1    | Reached skill level 18 in Dodging
 28042 | Orc:1    | Identified the +6 dagger of Fattif {vorpal, *Noise rF+
                  | Stlth+}
 28056 | Orc:1    | Noticed a stone giant
 28062 | Orc:1    | Noticed an ettin
 28280 | Orc:1    | Reached XP level 14. HP: 60/62 MP: 16/22
 28781 | Orc:1    | Killed a stone giant
 28955 | Orc:1    | Found the +3 giant club "Skullcrusher" {speed, Str+7}
 28981 | Orc:1    | Identified the +6 spear of Law {vorpal, *Rage *Slow rN++
                  | Int+2}
 29051 | Orc:1    | Reached skill level 1 in Transmutations
 29074 | Orc:1    | Learned a level 7 spell: Dragon Form
 29422 | Orc:1    | Noticed Harold
 29427 | Orc:1    | Killed Harold
 30327 | Orc:2    | Entered Level 2 of the Orcish Mines
 30614 | Orc:2    | Reached skill level 5 in Transmutations
 30625 | Orc:2    | Found a flickering gateway to a bazaar.
 30631 | Bazaar   | Entered a bazaar
 30697 | Bazaar   | Found Mofass's Jewellery Shoppe.
 30721 | Bazaar   | Found Coogair's Magic Scroll Boutique.
 30729 | Bazaar   | Bought a scroll of amnesia for 72 gold pieces
 30729 | Bazaar   | Bought a scroll of teleportation for 54 gold pieces
 30729 | Bazaar   | Bought a scroll of vulnerability for 72 gold pieces
 30766 | Bazaar   | Found Oranauvi's Jewellery Shoppe.
 30906 | Bazaar   | Found Dahiosm's Jewellery Shoppe.
 30914 | Bazaar   | Bought the ring "Syfuyc" {*Slow rElec rPois rCorr Str+4}
                  | for 636 gold pieces
 31044 | Bazaar   | Bought a scroll of identify for 36 gold pieces
 31044 | Bazaar   | Bought a scroll of identify for 36 gold pieces
 31044 | Bazaar   | Bought a scroll of identify for 36 gold pieces
 31096 | Bazaar   | Bought the amulet of the Four Winds {rN+ Will+++ Clar} for
                  | 789 gold pieces
 31096 | Bazaar   | Found the amulet of the Four Winds {rN+ Will+++ Clar}
 31175 | Orc:2    | Found a staircase to the Elven Halls.
 31933 | Orc:2    | Noticed Donald
 31955 | Orc:2    | Noticed Jorgrun
 31960 | Orc:2    | Killed Jorgrun
 32677 | Orc:2    | Noticed Nessos
 32686 | Orc:2    | Shot with an arrow by Nessos
 32687 | Orc:2    | Reached XP level 13. HP: -1/36 MP: 11/21
 32702 | Orc:2    | Killed Donald
 32780 | Orc:2    | Killed Nessos
 34277 | Orc:2    | Found Ynina's Armour Shop.
 34280 | Orc:2    | Found Udikh's Weapon Shop.
 34281 | Orc:2    | Found Vol Nastai's Antique Weapon Shop.
 34282 | Orc:2    | Found Rukic's Antique Weapon Boutique.
 34634 | D:12     | Noticed Erolcha
 34938 | D:12     | Killed Erolcha
 35399 | D:12     | Reached skill level 10 in Transmutations
 35546 | D:12     | Reached XP level 14. HP: 46/49 MP: 16/22
 36357 | D:13     | Annihilated by a boulder beetle
 36358 | D:13     | Reached XP level 13. HP: -25/44 MP: 21/21
 37213 | D:14     | Killed from afar by a meliai

Illustrated notes

Levels and vault maps discovered:
D:1:      nicolae_arrival_washed_ashore, layout_basic, serial_forest,
          infiniplex_forest_straight_4, infiniplex_forest_pool,
          infiniplex_forest_straight_2, infiniplex_forest_lined_room_2,
          infiniplex_forest_clump_medium, shapermc_ecumenical_altar_acropolis
D:2:      kennysheep_the_goblin_king, layout_basic, basic_altar, uniq_natasha
D:3:      layout_rooms, minmay_ruptured
D:4:      minmay_bubble_buster, layout_basic,
          nicolae_overflow_hallway_of_the_gods, nicolae_overflow_hidden_temple,
          minmay_misc_feat_nine_boxes, kennysheep_generic_room_13,
          uniq_eustachio
D:5:      layout_rooms, serial_shops, shop, uniq_edmund
D:6:      layout_cave_pods, mainiacjoe_overflow_tiny_flanked,
          minmay_temple_entry_junction_2, grunt_decor_cap,
          palyth_stone_intersect, serial_park_tiny_pond
D:7:      layout_cave_pools, minmay_ruffians, uniq_crazy_yiuf_cottage
D:8:      layout_basic, mainiacjoe_overflow_24_doors
D:9:      layout_loops_cross, david_orc_3, dreamdust_mushroom_princess,
          hangedman_decor_slide_cut, kennysheep_generic_room_7
D:10:     layout_basic, marbit_many_paths, ebering_ghost_funeral_grove,
          minmay_misc_feat_more_columns, nicolae_kite_square_tiling_tiny,
          uniq_lodul
D:11:     layout_irregular_city, erik_lair_island, uniq_fannar
D:12:     layout_stronghold, minmay_statue_bubble, uniq_erolcha
D:13:     layout_roguey
D:14:     layout_roguey, hangedman_vaults_entry_quadrant_bands,
          good_gods_temple_1
Lair:1:   layout_cave_pods, chequers_serial_rivers_small_a, lemuel_fruit_fields,
          lemuel_fruit_fields, grunt_megastairs_1
Lair:2:   layout_cave_pods, nicolae_spider_entry_non_spiders,
          serial_bayou_pond_d
Lair:3:   layout_cave_pods, shoals_dummy_entry, serial_bayou_lake_a
Lair:4:   layout_gridlike, lemuel_fruit_tree
Lair:5:   hangedman_lair_caniforms_friends, layout_long_grid, wormcave,
          slime_entry_1
Orc:1:    giant_chief_lemuel, layout_diamond_mine, uniq_harold
Orc:2:    st_orc_pillars, layout_diamond_mine, basic_altar, serial_shops,
          bzr_entry_safe, statue_in_the_mist_lemuel, bh_open_orc_temple,
          uniq_nessos, uniq_jorgrun, uniq_donald

Skill      XL: |  1  2  3  4  5  6  7  8  9 10 11 12 13 14 |
---------------+-------------------------------------------+-----
Ice Magic      | 4 5 6 8 9 10 | 10.0
Spellcasting   | 5 |  5.0
Dodging        | 7 10 12 14 18 | 18.0
Stealth        | 8 10 15 14 | 15.0
Fighting       | 2 9 10 11 | 11.8
Unarmed Combat | 7 10 | 10.0
Transmutations | 12 11 | 12.0

Action                   |  1- 3 |  4- 6 |  7- 9 | 10-12 | 13-15 || total
-------------------------+-------+-------+-------+-------+-------++-------
Melee: Unarmed           |    29 |   102 |   181 |   449 |   623 ||  1384
       Bite              |     2 |    10 |    12 |    56 |    91 ||   171
 Cast: Freeze            |    37 |    14 |     5 |       |       ||    56
       Frozen Ramparts   |     2 |    19 |    59 |    94 |   128 ||   302
       Ozocubu's Armour  |       |     4 |    32 |    58 |    99 ||   193
Invok: Sacrifice an Eye  |       |     1 |       |       |       ||     1
       Sacrifice a Hand  |       |       |     1 |       |       ||     1
       Apocalypse        |       |       |     1 |    22 |    23 ||    46
       Sacrifice Artific |       |       |     1 |       |       ||     1
Evoke: Wand              |       |       |     8 |       |       ||     8
  Use: Scroll            |       |       |    14 |    10 |     5 ||    29
 Stab: Sleeping          |     3 |     8 |     2 |     5 |     6 ||    24
       Distracted        |       |     1 |     1 |     7 |     9 ||    18
       Invisible         |       |       |     2 |     1 |       ||     3
       Paralysed         |       |       |       |     4 |     9 ||    13
       Petrifying        |       |       |       |     1 |       ||     1
Armor: Skin              |     3 |     6 |    33 |    38 |    40 ||   120
Dodge: Dodged            |    45 |    92 |   175 |   327 |   537 ||  1176
Block: Other             |       |       |    50 |    68 |    67 ||   185
       Reflection        |       |       |     2 |     1 |     2 ||     5

Table legend: (Time is in decaauts)
 A = Elapsed time spent in this place.
 B = Non-inter-level travel time spent in this place.
 C = Inter-level travel time spent in this place.
 D = Time resting spent in this place.
 E = Time spent auto-exploring this place.
 F = Levels seen in this place.
 G = Mean time per level.
                   A        B        C        D        E       F      G
               +--------+--------+--------+--------+--------+-----+--------+
         Total |  33938 |  32941 |    997 |   5985 |  21095 |  22 | 1542.6 |
       Dungeon |  18120 |  17495 |    625 |   3259 |  11420 |  14 | 1294.3 |
          Lair |   9193 |   8956 |    237 |    771 |   6520 |   5 | 1838.6 |
  Orcish Mines |   6199 |   6064 |    135 |   1955 |   2854 |   2 | 3099.5 |
        Bazaar |    425 |    425 |      0 |      0 |    301 |   1 |  425.0 |
               +--------+--------+--------+--------+--------+-----+--------+

Top non-repeatable levels by time:
  Lair:5: 3406 daAuts
   Orc:1: 3249 daAuts
   Orc:2: 2949 daAuts
     D:4: 2169 daAuts
    D:11: 2099 daAuts
  Lair:1: 1914 daAuts
     D:8: 1789 daAuts
    D:10: 1597 daAuts
     D:2: 1591 daAuts
  Lair:3: 1549 daAuts
     D:9: 1416 daAuts
    D:12: 1386 daAuts
     D:6: 1193 daAuts
  Lair:2: 1190 daAuts
     D:3: 1180 daAuts
